 Dungeon Crawl Stone Soup version 0.17-a0-1837-g7c6a762 (webtiles) character file.

1479 ItsChayne the Covered (level 8, -2/51 HPs)
             Began as a Gargoyle Berserker on Sept 16, 2015.
             Was a Priest of Trog.
             Slain by an orc warrior
             ... wielding a +0 scimitar
              (9 damage)
             ... on level 7 of the Dungeon.
             The game lasted 00:57:33 (6823 turns).

ItsChayne the Covered (Gargoyle Berserker)          Turns: 6823, Time: 00:57:33

Health: -2/51      AC: 17    Str: 23    XL:     8   Next: 79%
Magic:  8/8        EV:  9    Int:  8    God:    Trog [***...]
Gold:   325        SH:  0    Dex:  9    Spells: 0 memorised, 7 levels left

rFire  . . .     SeeInvis .     g - +1 falchion (elec)
rCold  . . .     Clarity  .     j - +0 chain mail
rNeg   + . .     SustAt   +     (no shield)
rPois  ∞         Gourm    .     (no helmet)
rElec  +         Spirit   .     (no cloak)
rCorr  .         Warding  .     k - +0 pair of gloves
rMut   .         Stasis   .     (no boots)
MR     .....                    (no amulet)
Stlth  ..........               (no ring)
                                w - ring of sustain attributes

@: not resistant to hostile enchantments, extremely unstealthy
A: negative energy resistance 1, electricity resistance, unbreathing,
petrification resistance, rot immunity, AC +5
a: Burn Spellbooks, Berserk, Trog's Hand, Renounce Religion


You were on level 7 of the Dungeon.
You worshipped Trog.
Trog was most pleased with you.
You were hungry.

You visited 2 branches of the dungeon, and saw 8 of its levels.
You also visited: Ossuary.

You collected 325 gold pieces.

Inventory:

Hand weapons
 a - a +1 mace
 g - a +1 falchion of electrocution (weapon)
 i - a +0 great sword
 y - a +0 hunting sling
Missiles
 d - 124 stones (quivered)
 m - 35 sling bullets
 r - 22 sling bullets of flame
Armour
 j - a +0 chain mail (worn)
 k - a +0 pair of gloves (worn)
 x - a +0 pair of gloves
Jewellery
 w - a ring of sustain attributes (left hand)
Scrolls
 v - 2 scrolls of remove curse
 z - 2 scrolls of identify
Potions
 e - 2 potions of heal wounds
 f - a potion of resistance {unknown}
 h - a potion of agility
 l - a potion of poison {unknown}
 n - a potion of flight {unknown}
 o - 4 potions of might
 p - a potion of lignification {unknown}
 q - 2 potions of haste
 t - a potion of curing
 u - a potion of berserk rage
 B - a potion of degeneration {unknown}
 C - a potion of mutation {unknown}
Comestibles
 b - 2 fruits
 c - a bread ration
 A - 3 meat rations
 D - a beef jerky


   Skills:
 + Level 5.7 Fighting
 + Level 4.4 Long Blades
 + Level 4.2 Maces & Flails
 + Level 0.2 Throwing
 + Level 7.3 Armour
 + Level 3.5 Dodging
 + Level 1.2 Stealth


You had 7 spell levels left.
You didn't know any spells.

Dungeon Overview and Level Annotations

Branches:
Dungeon (7/15)             Temple (1/1) D:4

Altars:
Ashenzari
Cheibriados
Dithmenos
Gozag
Makhleb
Nemelex Xobeh
Okawaru
Qazlal
Ru
Sif Muna
Trog
Vehumet
Yredelemnul
Zin
The Shining One


Innate Abilities, Weirdness & Mutations

You are resistant to torment.
Your stone body is resilient (AC +5).
You are immune to poison.
You resist negative energy.
You are resistant to electric shocks.
You can survive without breathing.
You are immune to petrification.
You are immune to rotting.


Message History

The orc warrior is lightly wounded.
The orc warrior closely misses you.
The orc priest moves out of view.
The orc warrior hits you with a scimitar.
The orc warrior hits you with a scimitar!
The orc warrior barely misses you.
An orc comes into view. It is wielding a dagger.
Things that are here:
a stone; an orc corpse The orc priest invokes the aid of Beogh against you.
Something smites you!
You hit the orc warrior but do no damage.
The orc priest calls down the wrath of Beogh upon you.
Something smites you!
* * * LOW HITPOINT WARNING * * *
The orc shouts!
You hit the orc warrior but do no damage.
There is a sudden explosion of sparks!
The orc warrior is severely wounded.
The orc warrior hits you with a scimitar!
You die...

#...........##
#......(.....##
#.....(........
#............
#..........#
##.(.......#
##........# ##
###))..o..#
#.##@oo...o.o##
#..o#######..##
##### ##..##
##..## #...###
##....##
##....# ###..#
##..


You could see 2 orc warriors, an orc priest and 2 orcs.

Vanquished Creatures
  Sigmund (D:5)
  A hippogriff (D:6)
  An ogre (D:4)
  2 phantoms
  A sky beast (D:7)
  A centaur (D:7)
  A scorpion (D:3)
  2 crimson imps
  2 human zombies (Ossuary)
  2 orc wizards (D:4)
  A giant frog zombie (D:6)
  A hound (D:6)
  2 iguanas
  Jessica (D:2)
  Terence (D:2)
  3 worker ants
  4 big kobold zombies (Ossuary)
  A hound zombie (D:5)
  2 mummies (Ossuary)
  A worker ant zombie (D:7)
  7 adders
  A shadow imp (D:5)
  4 oozes
  An adder skeleton (D:4)
  An adder zombie (D:7)
  3 giant geckos
  15 orcs
  3 giant cockroaches
  8 goblins
  5 hobgoblins
  7 jackals (D:1)
  8 kobolds
  3 quokkas
  A ball python (D:5)
  8 bats
  A giant newt (D:2)
  A goblin zombie (Ossuary)
  10 hobgoblin zombies (Ossuary)
  A jackal zombie (Ossuary)
  8 kobold zombies (Ossuary)
  7 orc zombies (Ossuary)
  A quokka skeleton (D:5)
  5 rats
  4 rat zombies (Ossuary)
  2 bushes
  6 plants
152 creatures vanquished.

Vanquished Creatures (others)
  A hound (D:4)
1 creature vanquished.

Grand Total: 153 creatures vanquished

Notes
Turn   | Place    | Note
--------------------------------------------------------------
     0 | D:1      | ItsChayne the Gargoyle Berserker began the quest for the Orb.
     0 | D:1      | Reached XP level 1. HP: 14/14 MP: 1/1
   104 | D:1      | Reached XP level 2. HP: 9/19 MP: 2/2
   636 | D:1      | Acquired Trog's second power
   638 | D:1      | Reached XP level 3. HP: 21/23 MP: 3/3
  1248 | D:2      | Noticed Terence
  1269 | D:2      | Killed Terence
  1269 | D:2      | Reached XP level 4. HP: 12/28 MP: 4/4
  1679 | D:2      | Found a shattered altar of Ashenzari.
  2103 | D:2      | Found an opulent altar of Gozag.
  2103 | D:2      | Found a glowing silver altar of Zin.
  2103 | D:2      | Noticed Jessica
  2176 | D:2      | Killed Jessica
  2176 | D:2      | Reached skill level 4 in Maces & Flails
  2176 | D:2      | Reached XP level 5. HP: 12/32 MP: 5/5
  2272 | D:3      | Found a stormy altar of Qazlal.
  2867 | D:3      | Found a glowing golden altar of the Shining One.
  2951 | D:3      | Found a basalt altar of Yredelemnul.
  3309 | D:4      | Found a deep blue altar of Sif Muna.
  3507 | D:4      | Reached skill level 1 in Stealth
  3508 | D:4      | Reached XP level 6. HP: 33/38 MP: 6/6
  3567 | D:4      | Reached skill level 1 in Long Blades
  3846 | D:4      | Found a staircase to the Ecumenical Temple.
  3855 | Temple   | Entered the Ecumenical Temple
  4183 | D:4      | Reached XP level 7. HP: 43/43 MP: 7/7
  4191 | D:5      | Entered Level 5 of the Dungeon
  4202 | D:5      | Reached skill level 5 in Armour
  4223 | D:5      | Noticed Sigmund
  4261 | D:5      | Killed Sigmund
  4533 | D:5      | Reached skill level 6 in Armour
  5255 | D:6      | Reached XP level 8. HP: 48/48 MP: 8/8
  5510 | D:6      | Noticed a hippogriff
  5521 | D:6      | Killed a hippogriff
  5521 | D:6      | Reached skill level 5 in Fighting
  5679 | D:6      | Found a sand-covered staircase.
  5713 | Ossuary  | Entered an ossuary
  5953 | Ossuary  | Reached skill level 7 in Armour
  6069 | D:6      | Found an iron altar of Okawaru.
  6823 | D:7      | Slain by an orc warrior

Vault maps used:
D:1:      dpeg_arrival_tiny_j
D:2:      grunt_temple_overflow_gold_and_silver, evilmike_ruin_ashenzari,
          uniq_jessica, uniq_terence
D:3:      tso_metal_star, lemuel_crystal_altar, yredelemnul_altar_generic,
          first_bread, minmay_liquid_box
D:4:      lemuel_doored_altar, lemuel_temple_firewalk
D:5:      serial_park_tiny_1, uniq_sigmund
D:6:      okawaru_metal_pillars_3, enter_ossuary_1, minmay_fountain_box
D:7:      basic_altar
Temple:   temple_island_7
Ossuary:  ossuary_tomb_1

Action                   |  1- 3 |  4- 6 |  7- 9 || total
-------------------------+-------+-------+-------++-------
Melee: Mace              |   106 |     1 |       ||   107
       Falchion          |       |   247 |   270 ||   517
Throw: Stone             |       |       |    12 ||    12
  Use: Scroll            |     2 |     5 |     7 ||    14
       Potion            |       |     1 |       ||     1
 Stab: Sleeping          |     1 |       |       ||     1
  Eat: Pizza             |     1 |       |       ||     1
       Bread ration      |       |     1 |     2 ||     3
       Beef jerky        |       |     1 |       ||     1
       Chunk             |       |     2 |     1 ||     3
